 Dungeon Crawl Stone Soup version 0.28-a0-1616-g050a50673c (webtiles) character file.

Game seed: 10233878181250195135

56 sizableburger the Caller (level 3, 0/18 HPs)
             Began as a Vine Stalker Summoner on Jan 22, 2022.
             Slain by a gnoll (3 damage)
             ... while paralysed by Grinder
             ... on level 3 of the Dungeon.
             The game lasted 00:05:51 (2650 turns).

sizableburger the Caller (Vine Stalker Summoner)    Turns: 2650, Time: 00:05:52

Health: 0/18       AC:  6    Str: 10    XL:     3   Next: 97%
Magic:  0/7        EV:  2    Int: 17    God:
Gold:   107        SH:  0    Dex: 14    Spells: 1/7 levels left

rFire   . . .      SeeInvis +   f - +0 quarterstaff
rCold   . . .      Faith    .   (shield currently unavailable)
rNeg    . . .      Spirit   +   a - +0 robe
rPois   .          Reflect  .   (no helmet)
rElec   .          Harm     .   (no cloak)
rCorr   .          Rampage  .   (no gloves)
Will    .....                   (no boots)
Stlth   ++........              (no amulet)
HPRegen 0.06/turn               d - ring of see invisible
MPRegen 0.10/turn               g - +4 ring of protection

@: paralysed
A: fangs 2, magic shield, antimagic bite, no potion heal 2
a: no special abilities


You were on level 3 of the Dungeon.
You visited 1 branch of the dungeon, and saw 3 of its levels.

You collected 107 gold pieces.

Inventory:

Hand Weapons
 f - a +0 quarterstaff (weapon)
Armour
 a - a +0 robe (worn)
Jewellery
 c - a ring of fire
 d - a ring of see invisible (left hand)
 e - a ring of resist corrosion
 g - a +4 ring of protection (right hand)
Potions
 b - 2 potions of curing {unknown}


   Skills:
 + Level 1.1 Fighting
 + Level 0.8(0.9) Staves
 - Level 1.5 Dodging
 - Level 2.4 Stealth
 - Level 1.1 Unarmed Combat
 - Level 2.5 Spellcasting
 + Level 4.5 Summonings


You had one spell level left.
You knew the following spells:

 Your Spells              Type           Power      Damage    Failure   Level
a - Summon Small Mammal   Summ           68%        N/A       3%          1
b - Call Imp              Summ           17%        N/A       4%          2
c - Call Canine Familiar  Summ           17%        N/A       9%          3

Your spell library contained the following spells:

 Spells                   Type           Power      Damage    Failure   Level
 Summon Guardian Golem    Hex/Summ       9%         N/A       22%         3
 Inner Flame              Hex/Fire       2%         N/A       50%         3
 Summon Lightning Spire   Summ/Air       9%         N/A       58%         4
 Cause Fear               Hex            1%         N/A       88%         4
 Discord                  Hex            1%         N/A       100%        8


Dungeon Overview and Level Annotations

Branches:
Dungeon (3/15)

Altars:

Annotations:
D:3 Grinder


Innate Abilities, Weirdness & Mutations

You have extremely sharp teeth.
When hurt, damage is shared between your health and your magic reserves.
Your bite disrupts and absorbs the magic of your enemies.
Potions cannot restore your health.


Message History

Press: ? - help, Dir - move target, f - Grinder
Aim: Grinder (ally target) Attack!
Grinder gestures at you.
Your hound suddenly stops moving!
Unknown command.
You swap places.
Grinder gestures at you. Grinder hits your hound! Grinder hits your hound!
Your hound dies!
Your hound's corpse disappears in a puff of smoke!
Your white imp gestures at Grinder.
The puff of frost hits Grinder.
Grinder resists.
Your white imp misses Grinder.
Something hits your white imp. 2 gnolls come into view.
The gnoll shouts! x2; You hear a shout!
There is a stone staircase leading up here.
You see here a +0 mace of protection.
You start resting.
A gnoll is nearby!
The gnoll hits you with a +0 spear.
There is a stone staircase leading up here.
You see here a +0 mace of protection.
You climb upwards.
There is a stone staircase leading down here.
You start resting.
Magic restored.
You climb downwards.
Level annotation: Grinder Grinder gestures at you.
You suddenly lose the ability to move!
The gnoll hits you with a +0 club!
Grinder blinks!
The gnoll hits you with a +0 club.
The gnoll hits you from afar with a +0 spear!
* * * LOW HITPOINT WARNING * * *
Grinder blinks!
The gnoll hits you with a +0 club.
* * * LOW HITPOINT WARNING * * *
The gnoll hits you from afar with a +0 spear.
You die...

### #<#......
...(######.###.###
#.#............#
#.########5#####
#.# #.# #.# #.#
#.# #.# #g# #.#
#@# #.###### #.#
#......# #g#
######5#
#.######## #.#
#ยง.....g># #.#
########g# #.# #.#
#.# ##.######.#
#.......5.#


You could see 2 gnolls.

Vanquished Creatures
  A dart slug (D:1)
  2 bats
  An endoplasm (D:1)
  A giant cockroach (D:1)
  A goblin (D:2)
  A hobgoblin (D:3)
  A kobold (D:3)
  A ball python (D:1)
  2 frilled lizards
  6 rats
17 creatures vanquished.

Vanquished Creatures (collateral kills)
  3 adders (D:2)
  2 worms (D:2)
  2 endoplasms (D:1)
  A bat (D:2)
  A kobold (D:2)
9 creatures vanquished.

Vanquished Creatures (others)
  7 plants (D:3)
7 creatures vanquished.

Grand Total: 33 creatures vanquished

Notes
Turn   | Place    | Note
-------+----------+-------------------------------------------
     0 | D:1      | sizableburger the Vine Stalker Summoner began the quest for
                  | the Orb.
     0 | D:1      | Reached XP level 1. HP: 9/9 MP: 4/4
   454 | D:1      | Reached XP level 2. HP: 13/13 MP: 4/6
   532 | D:1      | Learned a level 2 spell: Call Imp
  1310 | D:2      | Reached skill level 1 in Unarmed Combat
  1350 | D:2      | Found a faded altar of an unknown god.
  1718 | D:2      | Reached XP level 3. HP: 6/17 MP: 0/7
  2051 | D:2      | Reached skill level 1 in Fighting
  2344 | D:3      | Learned a level 3 spell: Call Canine Familiar
  2348 | D:3      | Noticed Grinder
  2647 | D:3      | Paralysed by Grinder for 6 turns
  2650 | D:3      | Slain by a gnoll

Illustrated notes

Levels and vault maps discovered:
D:1:      saegor_arrival_under_anarchy, layout_loops_ring
D:2:      layout_basic, basic_ecumenical_altar, minmay_misc_feat_roman
D:3:      layout_loops_ring, minmay_misc_feat_square, serial_bayou_ford_a,
          uniq_grinder, uniq_jessica

Skill      XL: |  1  2  3 |
---------------+----------+-----
Unarmed Combat | 1 |  1.1
Fighting       | 1 |  1.1
Staves         | |  0.8
Dodging        | |  1.5
Stealth        | |  2.4
Spellcasting   | |  2.5
Summonings     | |  4.5

Action                   || total
-------------------------++-------
Melee: Unarmed           ||    56
       Bite              ||    23
       Quarterstaff      ||    15
 Cast: Summon Small Mamm ||    12
       Call Imp          ||    12
       Call Canine Famil ||     2
 Stab: Sleeping          ||     7
Armor: Robe              ||    19
Dodge: Dodged            ||    61

Table legend: (Time is in decaauts)
 A = Elapsed time spent in this place.
 B = Non-inter-level travel time spent in this place.
 C = Inter-level travel time spent in this place.
 D = Time resting spent in this place.
 E = Time spent auto-exploring this place.
 F = Levels seen in this place.
 G = Mean time per level.
                   A        B        C        D        E       F      G
               +--------+--------+--------+--------+--------+-----+--------+
         Total |   2652 |   2474 |    178 |    714 |   1382 |   3 |  884.0 |
       Dungeon |   2652 |   2474 |    178 |    714 |   1382 |   3 |  884.0 |
               +--------+--------+--------+--------+--------+-----+--------+

Top non-repeatable levels by time:
     D:1: 1234 daAuts
     D:2: 1159 daAuts
     D:3: 258 daAuts
